 Dungeon Crawl Stone Soup version 0.17-a0-1763-g847a857 (webtiles) character file.

158 Crag the Ruffian (level 5, -5/44 HPs)
             Began as a Naga Transmuter on Sept 5, 2015.
             Slain by a gnoll
             ... wielding a +0 spear
              (7 damage)
             ... on level 3 of the Dungeon.
             The game lasted 00:16:58 (3791 turns).

Crag the Ruffian (Naga Transmuter)                  Turns: 3791, Time: 00:16:58

Health: -5/44      AC:  3    Str: 12    XL:     5   Next: 39%
Magic:  8/8        EV: 10    Int: 18    God:
Gold:   137        SH:  0    Dex: 11    Spells: 2 memorised, 5 levels left

rFire  . . .     SeeInvis +       - Unarmed
rCold  . . .     Clarity  +     b - +0 robe
rNeg   . . .     SustAt   .     (no shield)
rPois  +         Gourm    .     (no helmet)
rElec  .         Spirit   .     l - +0 cloak (curse)
rCorr  .         Warding  .     (no gloves)
rMut   .         Stasis   .     (no barding)
MR     .....                    z - amulet of clarity
Stlth  +.........               w - ring of flight
                                r - +3 ring of intelligence

@: appendage, very slightly contaminated, invisible, very slow, not resistant to
hostile enchantments, very unstealthy
A: horns 2, see invisible, deformed body, poison resistance, slowness 2, slow
metabolism 1, spit poison 2, AC +1
a: Spit Poison, End Transformation, Evoke Flight


You were on level 3 of the Dungeon.
You were hungry.
You had grown temporary horns.
You visited 1 branch of the dungeon, and saw 4 of its levels.

You collected 137 gold pieces.

Inventory:

Missiles
 a - 46 arrows
Armour
 b - a +0 robe (worn)
 l - a cursed +0 cloak (worn)
Jewellery
 r - a +3 ring of intelligence (left hand)
 t - an uncursed amulet of rage
 w - a ring of flight (right hand)
 z - an amulet of clarity (around neck)
Scrolls
 e - 6 scrolls of identify {unknown}
 f - a scroll of fear {unknown}
 h - a scroll of enchant armour {unknown}
 i - a scroll of fog {unknown}
 n - a scroll of blinking {unknown}
 o - a scroll of random uselessness {unknown}
 p - a scroll of enchant weapon {unknown}
 q - a scroll of remove curse {unknown}
 u - a scroll of teleportation {unknown}
 y - a scroll of noise {unknown}
Potions
 g - a potion of invisibility
 j - a potion of degeneration {unknown}
 k - a potion of might {unknown}
 s - a potion of beneficial mutation {unknown}
Books
 c - a book of Changes

   Spells                             Type                      Level
   a - Beastly Appendage              Transmutation                1
   b - Sticks to Snakes               Transmutation                2
   c - Spider Form                    Transmutation/Poison         3
   d - Ice Form                       Ice/Transmutation            4
   e - Blade Hands                    Transmutation                5
Comestibles
 d - 4 bread rations
 m - 2 beef jerkies
 v - 3 meat rations
 x - a chunk of flesh


   Skills:
 - Level 1.0 Fighting
 - Level 1.5 Dodging
 - Level 4.1 Unarmed Combat
 + Level 2.6 Spellcasting
 - Level 4.1 Transmutations


You had 5 spell levels left.
You knew the following spells:

 Your Spells              Type           Power        Failure   Level  Hunger
a - Beastly Appendage     Trmt           ###...       3%          1    #......
b - Spider Form           Trmt/Pois      #.........   24%         3    ###....


Dungeon Overview and Level Annotations

Branches:
Dungeon (4/15)
 Temple: D:4-7

Altars:
Kikubaaqudgha


Innate Abilities, Weirdness & Mutations

You cannot wear boots.
Your serpentine skin is tough (AC +1).
You have supernaturally acute eyesight.
Armour fits poorly on your strangely shaped body.
Your system is resistant to poisons.
You cover ground very slowly.
You have a slow metabolism.
You can spit poison.
You have a pair of horns on your head.


Message History

You hit the gnoll but do no damage.
The gnoll is severely wounded.
The gnoll hits you with a spear.
* * * LOW HITPOINT WARNING * * *
You barely miss the gnoll.
The gnoll is severely wounded.
The gnoll closely misses you.
You hit the gnoll.
The gnoll is severely wounded.
The gnoll hits you with a spear!
* * * LOW HITPOINT WARNING * * *
Drink which item? (? for menu, Esc to quit)
It was a potion of invisibility.
You fade into invisibility!
The gnoll hits you with a spear.
* * * LOW HITPOINT WARNING * * *
You are very lightly contaminated with residual magic.
The gnoll closely misses you.
The gnoll hits you from afar with a spear!
You die...

...........####(##.....#.....#...
.#...#...#.....(.#.....#.........
.................#..####.........
.#...#...#.......#.........#....#
..............##...#.......#.....
##########....###..#.......+.....
......(.......# #..###.....##....
#..).(........###.)..#.....##....
....(...........@.g..########....
...............................).
..........#........##............
.)........#........##............
..###.#####........##............
....#.# ####.....##........####
..#.#.# #.....##........# ...<#.#
########).......# ..#.#.#
#........#


You could see a gnoll.

Vanquished Creatures
  A centaur skeleton (D:4)
  3 gnolls
  4 adders
  2 oozes (D:2)
  A worm (D:2)
  3 giant geckos
  An orc (D:3)
  2 bats (D:1)
  6 hobgoblins
  5 jackals
  7 kobolds
  2 quokkas (D:2)
  A ball python (D:1)
  3 giant cockroaches
  7 giant newts
  7 goblins
  4 rats
59 creatures vanquished.

Notes
Turn   | Place    | Note
--------------------------------------------------------------
     0 | D:1      | Crag the Naga Transmuter began the quest for the Orb.
     0 | D:1      | Reached XP level 1. HP: 18/18 MP: 3/3
   371 | D:1      | Reached XP level 2. HP: 23/25 MP: 3/5
   818 | D:1      | Reached skill level 4 in Unarmed Combat
   853 | D:1      | Reached XP level 3. HP: 27/31 MP: 4/6
  1864 | D:2      | Reached XP level 4. HP: 11/38 MP: 7/7
  2631 | D:3      | Found an ancient bone altar of Kikubaaqudgha.
  3262 | D:4      | Reached XP level 5. HP: 32/44 MP: 6/8
  3267 | D:4      | Learned a level 3 spell: Spider Form
  3789 | D:3      | HP: 1/44 [gnoll/spear (4)]
  3791 | D:3      | Slain by a gnoll

Vault maps used:
D:1:      dpeg_arrival_sounds_slurp
D:3:      lemuel_coloured_pillars_altar
D:4:      grunt_dithmenos_smoke, minmay_temple_entry_statues_fountains,
          first_bread, minivault_26

Action                   |  1- 3 |  4- 6 || total
-------------------------+-------+-------++-------
Melee: Unarmed           |    91 |    67 ||   158
 Cast: Beastly Appendage |    25 |     9 ||    34
 Abil: Spit Poison       |    32 |     8 ||    40
  Use: Potion            |       |     1 ||     1
  Eat: Chunk             |     3 |     6 ||     9
